Map: Moondance

Players

GYFsukAta

  • Race: Protoss Protoss
  • League: Silver
  • Spawn Location: 12:00

MattBarry - Winner!

  • Race: Protoss Protoss
  • League: Silver
  • Spawn Location: 6:00

VOD

Have the link to the VOD?

Description

Time

  • Played on: Jan. 20, 2023, 2:30 a.m.
  • Length: 1:20
Show
View Real Time Build Order
Export as new Build Order

GYFsukAta Protoss 

Build Orders:  

Get SALT Encoding   

  12  0:00  Probe (Chrono Boost)  
  13  0:12  Probe (Chrono Boost)  
  14  0:19  Pylon  
  14  0:22  Probe (Chrono Boost)  
  15  0:37  Probe  
  15  0:41  Gateway  
  17  0:50  Probe  
  17  0:52  Assimilator  
Show
View Real Time Build Order
Export as new Build Order

MattBarry Protoss - Winner!

Build Orders:  

Get SALT Encoding   

  12  0:02  Probe  
  13  0:14  Probe  
  13  0:18  Pylon  
  14  0:26  Probe  
  15  0:41  Forge  
  15  0:44  Probe  
  16  1:05  Pylon  
  16  1:11  Pylon  
Tags
 
Matchup
PvP
Replay Pack
Multiplayer
Spawn Locations
Cross Positions
Add a new tag
Caveats
  • Supply blocks, unpowered buildings, or Contaminate may cause inaccurate times.
  • Supply counts are checked every 10 seconds.